 Dungeon Crawl Stone Soup version 0.23.2-33-g5129a83184 (webtiles) character file.

Game seed: 12881293695612297723

10958 Folque the Destroyer (level 11, -13/77 HPs)
             Began as a Demigod Conjurer on July 15, 2019.
             Mangled by an ogre
             ... wielding a +0 giant club
              (18 damage)
             ... on level 14 of the Dungeon.
             The game lasted 00:41:37 (12254 turns).

Folque the Destroyer (Demigod Conjurer)            Turns: 12254, Time: 00:41:38

Health: -13/77     AC: 10    Str: 10 (13) XL:     11   Next: 20%
Magic:  4/26       EV: 12    Int: 21 (23) God:
Gold:   529        SH:  0    Dex: 16 (18) Spells: 0/24 levels left

rFire    . . .     SeeInvis .   y - +4 dagger (elec)
rCold    + . .     Gourm    .   (no shield)
rNeg     . . .     Faith    .   T - +0 troll leather armour
rPois    .         Spirit   .   e - +0 helmet
rElec    .         Reflect  .   q - +0 cloak
rCorr    .         Harm     .   p - +0 pair of gloves
MR       +....                  C - +0 pair of boots
Stlth    ++........             (no amulet)
HPRegen  0.62/turn              B - ring of protection from cold
MPRegen  0.20/turn              r - +2 ring of dexterity

@: flying, very slightly contaminated
A: high mp 1
a: no special abilities


You were on level 14 of the Dungeon.
You were very hungry.

You visited 2 branches of the dungeon, and saw 13 of its levels.

You collected 529 gold pieces.

Inventory:

Hand Weapons
 y - a +4 dagger of electrocution (weapon)
Armour
 a - a +0 robe
 e - a +0 helmet (worn)
 p - a +0 pair of gloves (worn)
 q - a +0 cloak (worn)
 C - a +0 pair of boots (worn)
 K - a +1 shield of protection
 M - a +0 ring mail
 T - a +0 troll leather armour (worn)
Jewellery
 r - a +2 ring of dexterity (right hand)
 B - a ring of protection from cold (left hand)
 D - an uncursed amulet of the acrobat
 O - a cursed ring of teleportation {unknown}
Wands
 d - a wand of iceblast (9)
 n - a wand of polymorph (1)
 N - a wand of random effects (21)
 P - a wand of flame (7)
 R - a wand of acid (3)
Scrolls
 b - 5 scrolls of teleportation
 f - 3 scrolls of noise {unknown}
 g - 4 scrolls of remove curse
 h - 24 scrolls of identify
 i - 5 scrolls of enchant weapon {unknown}
 j - 2 scrolls of fear {unknown}
 k - 2 scrolls of fog {unknown}
 t - a scroll of amnesia {unknown}
 u - a scroll of random uselessness {unknown}
 x - a scroll of torment {unknown}
 G - 3 scrolls of enchant armour {unknown}
 I - a scroll of vulnerability {unknown}
 J - a scroll of immolation {unknown}
 S - a scroll of acquirement {unknown}
Potions
 l - 3 potions of heal wounds {unknown}
 m - a potion of lignification {unknown}
 s - 2 potions of ambrosia {unknown}
 v - 2 potions of brilliance {unknown}
 w - 2 potions of haste {unknown}
 z - a potion of degeneration
 A - 4 potions of might {unknown}
 E - 3 potions of mutation {unknown}
 F - 3 potions of cancellation {unknown}
 H - 3 potions of flight
Miscellaneous
 L - a lightning rod (1/4)
Comestibles
 c - 16 rations
 Q - 3 chunks of flesh


   Skills:
 - Level 1.0 Fighting
 - Level 6.0 Armour
 - Level 1.7 Dodging
 - Level 1.7 Stealth
 - Level 7.3 Spellcasting
 - Level 9.1 Conjurations
 - Level 7.0 Hexes
 * Level 3.1 Necromancy
 - Level 4.1 Translocations
 - Level 2.1 Air Magic
 + Level 4.7 Evocations


You couldn't memorise any spells.
You knew the following spells:

 Your Spells              Type           Power        Failure   Level  Hunger
a - Magic Dart            Conj           ####         1%          1    None
b - Searing Ray           Conj           #####.       1%          2    None
c - Dazzling Spray        Conj/Hex       #####.       1%          3    None
d - Fulminant Prism       Conj/Hex       #####.....   3%          4    ###....
e - Force Lance           Conj/Tloc      #####...     7%          4    ###....
f - Airstrike             Air            ###.......   41%         4    ###....
g - Static Discharge      Conj/Air       ####....     3%          3    None
h - Regeneration          Chrm/Necr      ##........   17%         3    None

Your spell library contained the following spells:

 Spells                   Type           Power        Failure   Level  Hunger
 Shock                    Conj/Air       ####         1%          1    None
 Iskenderun's Mystic Bla  Conj           #####...     2%          4    ###....
 Animate Skeleton         Necr           N/A          3%          1    None
 Pain                     Necr           ###.         3%          1    None
 Stone Arrow              Conj/Erth      ####..       4%          3    None
 Vampiric Draining        Necr           ###.......   9%          3    None
 Sandblast                Erth           #.....       11%         1    None
 Swiftness                Chrm/Air       ##......     11%         2    None
 Passwall                 Tmut/Erth      #.......     17%         2    None
 Animate Dead             Necr           N/A          28%         4    ###....
 Lightning Bolt           Conj/Air       ####......   30%         5    #####..
 Petrify                  Tmut/Erth      #.......     73%         4    ###....
 Lee's Rapid Deconstruct  Erth           #.........   97%         5    #####..


Dungeon Overview and Level Annotations

Branches:
Dungeon (11/15)            Temple (1/1) D:5            Lair (0/6) D:9
    Orc: D:9-12

Annotations:
D:10 1 runed translucent door, Jaiteiro's ghost, journeyman TrFi
D:14 Azrael


Innate Abilities, Weirdness & Mutations

You have an increased reservoir of magic. (+10% MP)


Message History

* * * LOW HITPOINT WARNING * * *
Unknown command.
Evoke which item? (* to show all) (? for menu, Esc to quit)
Aiming: Corrosive Bolt
Press: ? - help, Shift-Dir - straight line, f - ogre, p - tengu conjurer
Aim: an ogre, wielding a +0 giant club The bolt of acid hits the tengu conjurer!
The tengu conjurer is splashed with acid.
The acid corrodes the tengu conjurer!
You kill the tengu conjurer!
The battlesphere dissipates.
Your Necromancy skill increases to level 3!
The bolt of acid hits the ogre!
The ogre is splashed with acid.
The acid corrodes the ogre!
The ogre is severely wounded.
The tengu warrior misses you.
The tengu warrior pecks you but does no damage.
The tengu warrior claws you but does no damage.
The ogre hits you with a +0 giant club!!
You die...

........#
........#
........#
........#
.....○..#
........#
........#
.>....†Q####
##+#'##O@..#
#....#
#....#
#..### #..#
#..####
#.....#
#.....# ...#
#)....##


You could see a tengu warrior and an ogre.

Vanquished Creatures
  An unseen horror (D:14)
  An ugly thing (D:11)
  Joseph (D:7)
  A kobold demonologist (D:11)
  3 trolls
  A tengu conjurer (D:14)
  A meliai (shapeshifter) (D:14)
  Prince Ribbit (D:5)
  A hippogriff (D:8)
  A yak (shapeshifter) (D:14)
  A basilisk (D:9)
  A wyvern (D:8)
  15 yaks
  A hell hound (D:14)
  3 water moccasins
  2 orc warriors
  4 porcupines (D:9)
  2 ice beasts
  7 sky beasts
  A necrophage (D:10)
  An eye of draining (D:11)
  A phantom (D:8)
  7 ogres
  A centaur (D:10)
  A crocodile (D:8)
  A big kobold (D:11)
  4 bullfrogs
  2 water moccasin skeletons
  5 scorpions
  4 wights (D:10)
  4 howler monkeys
  A crimson imp (D:10)
  A bullfrog zombie (D:8)
  A quasit (D:5)
  5 orc priests
  2 bullfrog skeletons
  6 hounds
  Crazy Yiuf (D:2)
  2 jellies (D:8)
  15 orc wizards
  Ijyb (D:5)
  Jessica (D:2)
  Natasha (thrice) (D:2)
  3 iguanas
  5 worker ants
  A killer bee zombie (D:10)
  A hound skeleton (D:4)
  A howler monkey zombie (D:7)
  A worker ant zombie (D:5)
  A howler monkey skeleton (D:6)
  13 adders
  2 shadow imps (D:6)
  An ooze (D:6)
  An adder skeleton (D:4)
  An adder zombie (D:6)
  3 worms
  3 dart slugs
  4 leopard geckos
  26 orcs
  3 ball pythons
  9 giant cockroaches
  4 hobgoblins
  16 jackals
  5 quokkas
  14 bats
  4 frilled lizards
  12 goblins
  A jackal zombie (D:7)
  11 kobolds
  A quokka skeleton (D:7)
  3 rats
269 creatures vanquished.

Vanquished Creatures (others)
  A human (D:3)
  An orc wizard (D:6)
  A hobgoblin (D:2)
  A bush (D:9)
  26 fulminant prisms
  A fungus (D:9)
  A plant (D:9)
32 creatures vanquished.

Grand Total: 301 creatures vanquished

Notes
Turn   | Place    | Note
-------+----------+-------------------------------------------
     0 | D:1      | Folque the Demigod Conjurer began the quest for the Orb.
     0 | D:1      | Reached XP level 1. HP: 14/14 MP: 5/5
   390 | D:1      | Reached XP level 2. HP: 20/22 MP: 7/7
   397 | D:1      | Learned a level 2 spell: Searing Ray
   453 | D:1      | Reached skill level 4 in Conjurations
   797 | D:1      | Reached skill level 1 in Fighting
   829 | D:1      | Reached XP level 3. HP: 26/28 MP: 2/9
   834 | D:1      | Learned a level 3 spell: Dazzling Spray
  1220 | D:2      | Noticed Natasha
  1241 | D:2      | Killed Natasha
  1333 | D:2      | Noticed Natasha
  1342 | D:2      | Killed Natasha
  1342 | D:2      | Reached XP level 4. HP: 35/35 MP: 2/11
  1470 | D:2      | Noticed Natasha
  1480 | D:2      | Killed Natasha
  1589 | D:2      | Found a shadowy altar of Dithmenos.
  1589 | D:2      | Found an ornate altar of the Wu Jian Council.
  1590 | D:2      | Found a basalt altar of Yredelemnul.
  1760 | D:2      | Found a runed translucent door.
  1761 | D:2      | Noticed Crazy Yiuf
  1767 | D:2      | Killed Crazy Yiuf
  2087 | D:2      | Reached XP level 5. HP: 40/40 MP: 9/13
  2128 | D:2      | Learned a level 4 spell: Fulminant Prism
  2418 | D:2      | Noticed Jessica
  2421 | D:2      | Killed Jessica
  2422 | D:2      | Reached skill level 1 in Hexes
  2899 | D:3      | Found a hazy altar of Hepliaklqana.
  3376 | D:3      | Found an ancient bone altar of Kikubaaqudgha.
  3386 | D:3      | Noticed a human
  3387 | D:3      | Killed a human
  3642 | D:4      | Reached skill level 5 in Conjurations
  3642 | D:4      | Reached XP level 6. HP: 18/47 MP: 1/14
  4234 | D:5      | Entered Level 5 of the Dungeon
  4259 | D:5      | Found a staircase to the Ecumenical Temple.
  4280 | Temple   | Entered the Ecumenical Temple
  4460 | D:5      | Reached XP level 7. HP: 52/52 MP: 10/15
  4731 | D:5      | Found a stormy altar of Qazlal.
  4732 | D:5      | Noticed Ijyb
  4733 | D:5      | Noticed an air elemental
  4740 | D:5      | Killed Ijyb
  4741 | D:5      | Noticed a fire elemental
  4741 | D:5      | Noticed a water elemental
  4799 | D:5      | Noticed Prince Ribbit
  4812 | D:5      | Killed Prince Ribbit
  4812 | D:5      | Reached skill level 6 in Conjurations
  4812 | D:5      | Reached skill level 5 in Hexes
  5502 | D:6      | Found the +7 longbow "Piercer" {penet, EV-2}
  5547 | D:6      | Reached XP level 8. HP: 57/59 MP: 8/16
  5746 | D:6      | Learned a level 4 spell: Force Lance
  5873 | D:6      | Reached skill level 1 in Armour
  6138 | D:6      | Found a sparkling altar of Nemelex Xobeh.
  6352 | D:7      | Noticed Joseph
  6370 | D:7      | Killed Joseph
  6370 | D:7      | Reached skill level 7 in Conjurations
  7011 | D:8      | Noticed a hippogriff
  7016 | D:8      | Killed a hippogriff
  7016 | D:8      | Reached skill level 1 in Translocations
  7016 | D:8      | Reached XP level 9. HP: 55/64 MP: 7/17
  7188 | D:8      | Reached skill level 5 in Armour
  7469 | D:8      | Found a bloodstained altar of Trog.
  8497 | D:9      | Reached skill level 8 in Conjurations
  8990 | D:9      | Reached XP level 10. HP: 70/71 MP: 11/20
  9062 | D:9      | Reached skill level 5 in Spellcasting
  9377 | D:9      | Found a staircase to the Lair.
 10152 | D:9      | Learned a level 4 spell: Airstrike
 10156 | D:9      | Learned a level 3 spell: Static Discharge
 10204 | D:9      | Reached skill level 9 in Conjurations
 10368 | D:9      | Reached skill level 1 in Evocations
 10593 | D:10     | Entered Level 10 of the Dungeon
 11141 | D:10     | Noticed Jaiteiro's ghost (journeyman TrFi)
 11143 | D:10     | Found a runed translucent door.
 11368 | D:11     | Reached skill level 1 in Air Magic
 11489 | D:11     | Noticed a white ugly thing
 11519 | D:11     | Killed a white ugly thing
 11722 | D:11     | Noticed a rust devil
 11725 | D:11     | Reached XP level 11. HP: 75/77 MP: 16/26
 11756 | D:11     | Learned a level 3 spell: Regeneration
 11891 | D:11     | You fall through a shaft for 3 floors!
 11964 | D:14     | Killed an unseen horror
 11964 | D:14     | Reached skill level 1 in Necromancy
 12111 | D:14     | Noticed Azrael
 12247 | D:14     | Noticed a tengu warrior
 12249 | D:14     | HP: 1/77 [battlesphere[a tengu conjurer] (5)]
 12254 | D:14     | Mangled by an ogre

Skill      XL: |  1  2  3  4  5  6  7  8  9 10 11 |
---------------+----------------------------------+-----
Spellcasting   | 2 3 4 7 |  7.3
Conjurations   | 4 5 6 7 8 9 |  9.1
Fighting       | 1 |  1.0
Hexes          | 2 4 6 7 |  7.0
Armour         | 4 6 |  6.0
Translocations | 1 4 |  4.1
Evocations     | 3 4 |  4.7
Air Magic      | 2 |  2.1
Necromancy     | 3 |  3.1
Dodging        | |  1.7
Stealth        | |  1.7

Action                   |  1- 3 |  4- 6 |  7- 9 | 10-12 || total
-------------------------+-------+-------+-------+-------++-------
Melee: Hand axe          |    79 |       |       |       ||    79
       Unarmed           |     6 |       |       |       ||     6
       Short sword       |    15 |    83 |       |       ||    98
       Dagger            |       |    12 |   100 |    58 ||   170
Throw: Throwing net      |       |       |     1 |       ||     1
 Cast: Magic Dart        |     9 |       |     8 |     8 ||    25
       Searing Ray       |     5 |    18 |    49 |    34 ||   106
       Dazzling Spray    |     1 |     8 |    13 |     7 ||    29
       Fulminant Prism   |       |     1 |    11 |    14 ||    26
       Force Lance       |       |       |     5 |    23 ||    28
       Static Discharge  |       |       |       |    16 ||    16
Evoke: Wand              |       |       |     1 |    14 ||    15
       Lightning rod     |       |       |       |     4 ||     4
  Use: Potion            |     1 |     1 |     1 |     5 ||     8
       Scroll            |       |     2 |       |     2 ||     4
 Stab: Sleeping          |     6 |     3 |     3 |       ||    12
       Invisible         |       |     1 |     3 |     2 ||     6
       Held in net/web   |       |       |     2 |       ||     2
  Eat: Chunk             |     2 |    11 |    15 |    10 ||    38
       Ration            |       |       |     1 |     1 ||     2
Armor: Robe              |    31 |    34 |    33 |       ||    98
       Skin              |       |     1 |       |       ||     1
       Ring mail         |       |       |    31 |    62 ||    93
       Troll leather arm |       |       |       |     8 ||     8
Dodge: Dodged            |    74 |    87 |   101 |    79 ||   341
